 Dungeon Crawl Stone Soup version 0.29.1-13-g9f3cf754e1 (webtiles) character file.

Game seed: 17729971582000157319

1028 Thatpatchoflichen the Cutter (level 8, -1/52 HPs)
             Began as a Kobold Brigand on Feb 1, 2023.
             Was an Initiate of Wu Jian.
             Slain by an ice beast (4 damage)
             ... on level 5 of the Dungeon.
             The game lasted 00:22:43 (7992 turns).

Thatpatchoflichen the Cutter (Kobold Brigand)       Turns: 7992, Time: 00:22:43

Health: -1/52      AC:  9    Str:  8    XL:     8   Next: 47%
Magic:  8/8        EV: 17    Int: 12    God:    Wu Jian [......]
Gold:   359        SH:  0    Dex: 19    Spells: 7/7 levels left

rFire   . . .      SeeInvis .   x - +1 dagger (speed)
rCold   . . .      Faith    .   (no shield)
rNeg    . . .      Spirit   .   t - +0 leather armour
rPois   .          Reflect  .   k - +0 helmet
rElec   .          Harm     .   E - +0 cloak
rCorr   .          Rampage  .   (no gloves)
Will    .....                   (no boots)
Stlth   ++++......              (no amulet)
HPRegen 0.17/turn               w - +4 ring of protection
MPRegen 0.11/turn               (no ring)

@: about to teleport
A: small, no large weapons, nightstalker 3
a: Renounce Religion


You were on level 5 of the Dungeon.
You worshipped Wu Jian.
Wu Jian was noncommittal.
You visited 2 branches of the dungeon, and saw 7 of its levels.
You also visited: Ossuary.

You collected 359 gold pieces.

Inventory:

Hand Weapons
 a - a +2 dagger
 x - a +1 dagger of speed (weapon)
Missiles
 d - 2 poisoned darts (quivered)
 e - 3 curare-tipped darts
 g - 3 atropa-tipped darts
 F - 3 boomerangs of dispersal
Armour
 b - a +0 robe
 c - a +0 cloak
 k - a +0 helmet (worn)
 t - a +0 leather armour (worn)
 E - a +0 cloak (worn)
Jewellery
 m - an amulet of magic regeneration
 w - a +4 ring of protection (left hand)
Wands
 G - a wand of mindburst (16)
Scrolls
 f - 4 scrolls of magic mapping
 h - 3 scrolls of teleportation
 i - a scroll of torment {unknown}
 j - a scroll of blinking {unknown}
 l - 2 scrolls of butterflies {unknown}
 n - 3 scrolls of enchant armour
 q - 2 scrolls of poison {unknown}
 r - 2 scrolls of noise {unknown}
 v - a scroll of fear {unknown}
 y - a scroll of identify
 z - 2 scrolls of immolation {unknown}
Potions
 o - a potion of berserk rage
 p - 2 potions of brilliance
 s - 3 potions of lignification
 u - a potion of invisibility
 A - a potion of curing {unknown}
 B - a potion of mutation {unknown}
 C - a potion of cancellation {unknown}
 D - a potion of flight {unknown}


   Skills:
 + Level 6.4 Fighting
 + Level 6.6 Short Blades
 - Level 2.1 Throwing
 + Level 6.5 Dodging
 - Level 6.0 Stealth


You had 7 spell levels left.
You didn't know any spells.
Your spell library contained the following spells:

 Spells                   Type           Power      Damage    Failure   Level
 Frozen Ramparts          Ice            0%         1d1       82%         3
 Ice Form                 Ice/Tmut       0%         N/A       99%         4
 Summon Ice Beast         Ice/Summ       0%         N/A       99%         4


Dungeon Overview and Level Annotations

Branches:
Dungeon (6/15)             Temple (1/1) D:4         Ossuary (visited)

Altars:
Cheibriados
Dithmenos
Gozag
Kikubaaqudgha
Nemelex Xobeh
Qazlal
Ru
Trog
Uskayaw
Vehumet
Wu Jian
Yredelemnul
Zin

Shops:
D:5 ?

Annotations:
D:3 4 runed translucent doors, Crazy Yiuf; SirLogeyBear's ghost, amateur HOBe
D:5 1 runed translucent door


Innate Abilities, Weirdness & Mutations

You are small and have problems with some larger weapons.
You are completely attuned to the shadows.


Message History

The ice beast hits you but does no damage.
Found Ziduost's Magic Scroll Shoppe.
There is an open door here.
The ice beast attacks as you move away!
The ice beast hits you but does no damage.
There is an entrance to Ziduost's Magic Scroll Shoppe here.
You open the door. The ice beast hits you. The ice beast freezes you!
There is an open door here.
The ice beast attacks as you move away! The ice beast misses you.
The ice beast attacks as you move away! The ice beast misses you.
The ice beast attacks as you move away! The ice beast hits you.
The ice beast freezes you!
* * * LOW HITPOINT WARNING * * *
Throw: 2 darts (poison)
Press: ? - help, Q - select action, (/) - cycle Shift-Dir - straight line, f - ice beast
Aim: an ice beast (65% to hit)
Okay, then.
The ice beast attacks as you move away!
The ice beast hits you but does no damage.
The ice beast attacks as you move away! The ice beast barely misses you.
The ice beast attacks as you move away! The ice beast misses you.
The ice beast attacks as you move away! The ice beast closely misses you.
The ice beast attacks as you move away!
The ice beast hits you but does no damage.
Found 6 stones.
A sky beast appears from thin air!
Reactivating autopickup.
The ice beast attacks as you move away!
The ice beast hits you but does no damage.
The ice beast attacks as you move away!
The ice beast hits you but does no damage.
You see here 6 stones.
The ice beast attacks as you move away! The ice beast hits you.
* * * LOW HITPOINT WARNING * * *
The ice beast freezes you!
* * * LOW HITPOINT WARNING * * *
As you read the scroll labelled OJARAMNOSH, it crumbles to dust.
You feel strangely unstable.
It was a scroll of teleportation.
The ice beast hits you.
You die...

######<##.... ~~~#.#.####.#
~~~+...# #.# ~~~#..## #.#
### #########..# #.# ...##
#.........## #.#
#..######........# #.#
##..(..Y...##....# #.#
#######......#@..####.##
#.#
###....~..######...####..#
#.# #...#######
##....###.#### #.# ..###
#..#........# #.# ...#
###..##.......# #.. ...##
##...........<.####. ....#
##.......#.#.[....... .#'##
#######..........########..
[+∩+
..........................


You could see an ice beast.

Vanquished Creatures
  A wraith (D:5)
  2 elf zombies (Ossuary)
  2 scorpions
  3 centaur zombies (Ossuary)
  A jelly (D:5)
  A hound (D:5)
  A human zombie (Ossuary)
  Ijyb (D:6)
  Jessica (D:3)
  Natasha (thrice) (D:3)
  2 iguanas
  2 orc wizards
  2 mummies (Ossuary)
  3 adders
  A white imp (D:5)
  6 worms
  2 dart slugs
  16 orcs
  10 endoplasms
  5 giant cockroaches
  5 goblins
  6 hobgoblins
  7 jackals
  6 quokkas
  6 ball pythons
  5 bats
  7 frilled lizards
  4 goblin zombies (Ossuary)
  11 hobgoblin zombies (Ossuary)
  5 kobolds
  10 kobold zombies (Ossuary)
  6 orc zombies (Ossuary)
  8 rats
151 creatures vanquished.

Vanquished Creatures (others)
  A plant (Temple)
1 creature vanquished.

Grand Total: 152 creatures vanquished

Notes
Turn   | Place    | Note
-------+----------+-------------------------------------------
     0 | D:1      | Thatpatchoflichen the Kobold Brigand began the quest for
                  | the Orb.
     0 | D:1      | Reached XP level 1. HP: 12/12 MP: 1/1
   361 | D:1      | Reached XP level 2. HP: 18/18 MP: 2/2
   828 | D:1      | Reached XP level 3. HP: 21/22 MP: 3/3
  1930 | D:2      | Reached XP level 4. HP: 27/27 MP: 4/4
  2975 | D:3      | Noticed Natasha
  2979 | D:3      | Killed Natasha
  2980 | D:3      | Reached XP level 5. HP: 32/32 MP: 5/5
  2988 | D:3      | Found a runed translucent gate.
  2988 | D:3      | Found a runed translucent gate.
  2988 | D:3      | Found a runed translucent gate.
  2988 | D:3      | Noticed Natasha
  3024 | D:3      | Killed Natasha
  3079 | D:3      | Noticed Natasha
  3096 | D:3      | Killed Natasha
  3454 | D:3      | Found a runed translucent door.
  3457 | D:3      | Noticed Crazy Yiuf
  3537 | D:4      | Found an ornate altar of the Wu Jian Council.
  3656 | D:4      | Reached XP level 6. HP: 14/38 MP: 6/6
  3726 | D:4      | Found a staircase to the Ecumenical Temple.
  3763 | D:4      | Found a sand-covered staircase.
  3777 | Ossuary  | Entered an ossuary
  4154 | Ossuary  | Reached skill level 5 in Short Blades
  4578 | Ossuary  | Reached XP level 7. HP: 22/44 MP: 7/7
  5008 | Ossuary  | Reached skill level 5 in Fighting
  5336 | D:5      | Entered Level 5 of the Dungeon
  5337 | D:5      | Found a runed translucent door.
  5476 | D:5      | Reached skill level 5 in Dodging
  6186 | D:3      | Noticed Jessica
  6199 | D:3      | Killed Jessica
  6476 | D:3      | Noticed SirLogeyBear's ghost (amateur HOBe)
  6597 | Temple   | Entered the Ecumenical Temple
  7161 | D:4      | Became a worshipper of the Wu Jian Council
  7193 | D:5      | Reached XP level 8. HP: 51/51 MP: 8/8
  7361 | D:5      | Noticed a wraith
  7364 | D:5      | Killed a wraith
  7421 | D:5      | Noticed Ijyb
  7956 | D:6      | Killed Ijyb
  7968 | D:5      | Found Ziduost's Magic Scroll Shoppe.
  7990 | D:5      | HP: 2/52 [ice beast (8)]
  7992 | D:5      | Slain by an ice beast

Illustrated notes

Levels and vault maps discovered:
D:1:      minmay_arrival_solitary_statue, layout_loops_ring, chequers_jeans,
          hangedman_abyss_or_decor_lesser_grid
D:2:      layout_basic, reono_crystal_passage, minmay_misc_feat_doors
D:3:      cheibrodos_old_hovel, layout_loops_ring, gammafunk_ghost_necromancy,
          uniq_jessica, uniq_natasha, uniq_crazy_yiuf_cottage
D:4:      layout_rooms, nicolae_wu_jian_glorious_leap,
          minmay_temple_entry_fiery, nicolae_ossuary_entry_monument,
          gup_sewer_entry_bubbles, nicolae_wormholes
D:5:      layout_rooms, ebering_ghost_sewer_f, serial_shops, kennysheep_mini,
          grunt_decor_fettered, uniq_ijyb
D:6:      gammafunk_cloud_chamber, layout_basic, grunt_temple_overflow_open,
          kennysheep_mini_moat, gammafunk_ghost_smash, grunt_decor_arrowhead,
          nicolae_figureground_pulse
Temple:   minmay_temple_forest_path

Skill      XL: |  1  2  3  4  5  6  7  8 |
---------------+-------------------------+-----
Short Blades   | 3 4 5 6 |  6.6
Dodging        | 2 3 4 5 6 |  6.5
Fighting       | 3 4 5 6 |  6.4
Stealth        | 6 |  6.0
Throwing       | |  2.1

Action                   |  1- 3 |  4- 6 |  7- 9 || total
-------------------------+-------+-------+-------++-------
Melee: Dagger            |    97 |   362 |   411 ||   870
       Punch             |     1 |     8 |     4 ||    13
       Unarmed           |       |       |    32 ||    32
Throw: Dart              |       |    31 |    10 ||    41
Invok: Lunge             |       |       |     5 ||     5
  Use: Scroll            |       |     7 |     1 ||     8
 Stab: Sleeping          |    21 |    22 |    14 ||    57
       Distracted        |       |     1 |     3 ||     4
Armor: Robe              |    15 |       |       ||    15
       Leather armour    |       |    89 |    53 ||   142
Dodge: Dodged            |    76 |   227 |   181 ||   484
